 Dungeon Crawl Stone Soup version 0.23.0 (console) character file.

Game seed: 12236666212649203503

15343 mys the Archer (level 12, -13/103 HPs)
             Began as a Centaur Warper on Feb 17, 2019.
             Was a High Priest of Okawaru.
             Splashed by an acid dragon's acid (14 damage)
             ... on level 11 of the Dungeon.
             The game lasted 00:51:27 (16803 turns).

mys the Archer (Centaur Warper)                    Turns: 16803, Time: 00:51:27

Health: -13/103    AC:  8    Str: 15    XL:     12   Next: 0%
Magic:  18/18      EV:  7    Int: 16    God:    Okawaru [*****.]
Gold:   726        SH:  4    Dex: 11    Spells: 4/19 levels left

rFire    . . .     SeeInvis .   q - +0 shortbow
rCold    . . .     Gourm    .   (shield currently unavailable)
rNeg     . . .     Faith    .   M - +2 scale mail {MR+}
rPois    .         Spirit   .   (helmet restricted)
rElec    .         Reflect  .   t - scarf {cloud immunity}
rCorr    .         Harm     .   x - +0 pair of gloves
MR       ++...                  l - +4 centaur barding
Stlth    ..........             (no amulet)
HPRegen  0.27/turn              j - +4 ring of strength
MPRegen  0.16/turn              c - ring of stealth

@: about to teleport, corroded, very quick
A: large, hooves 3, horns 1, large bone plates 1, deformed body, speed 2, magic
resistance 1, tough skin 3, weak 1
a: Heroism, Finesse, Renounce Religion


You were on level 11 of the Dungeon.
You worshipped Okawaru.
Okawaru was extremely pleased with you.
You were not hungry.

You visited 2 branches of the dungeon, and saw 14 of its levels.
You also visited: Sewer and Ossuary.

You collected 726 gold pieces.

Inventory:

Hand Weapons
 q - a +0 shortbow (weapon)
 w - a +2 whip of electrocution
 C - a +1 mace of crushing
Missiles
 p - 181 arrows (quivered)
Armour
 l - a +4 centaur barding (worn)
 t - a scarf of cloud immunity (worn)
 x - a +0 pair of gloves (worn)
 M - a +2 scale mail of magic resistance (worn)
Jewellery
 c - a ring of stealth (right hand)
 j - a +4 ring of strength (left hand)
 B - the ring of Qav Iriw {+Blink rPois Int+4 Dex+7 SInv Stlth-}
   (You found it on level 5 of the Dungeon)

   [ring of see invisible]

   It affects your intelligence (+4).
   It affects your dexterity (+7).
   It protects you from poison.
   It lets you see invisible.
   It lets you blink.
   It makes you less stealthy.
 R - a +5 ring of intelligence
Wands
 b - a wand of paralysis (4)
 n - a wand of digging (6)
 s - a wand of random effects (22)
 u - a wand of polymorph (4)
 y - a wand of iceblast (8)
 J - a wand of acid (11)
Scrolls
 d - 4 scrolls of blinking
 e - 2 scrolls of vulnerability
 g - 3 scrolls of amnesia
 i - 3 scrolls of teleportation
 r - a scroll of fear
 D - 5 scrolls of remove curse
 K - a scroll of enchant weapon
 L - a scroll of identify
Potions
 a - 2 potions of mutation
 k - 3 potions of lignification
 o - 3 potions of curing
 v - 2 potions of brilliance
 z - 7 potions of magic
 A - 2 potions of haste
 F - 3 potions of might
 G - a potion of flight
 H - 2 potions of agility
 I - a potion of resistance
 N - a potion of berserk rage
 O - 2 potions of invisibility
 P - 2 potions of ambrosia
Comestibles
 f - 10 rations


   Skills:
 + Level 8.3 Fighting
 + Level 7.7 Maces & Flails
 + Level 12.5 Bows
 - Level 1.4 Throwing
 + Level 6.7 Armour
 + Level 4.4 Dodging
 + Level 4.0 Spellcasting
 + Level 1.2 Charms
 + Level 5.0 Translocations
 + Level 0.7 Evocations


You had 4 spell levels left.
You knew the following spells:

 Your Spells              Type           Power        Failure   Level  Hunger
a - Shroud of Golubria    Chrm/Tloc      ##........   22%         2    ##.....
b - Lesser Beckoning      Tloc           ###.......   21%         3    ###....
c - Teleport Other        Tloc           ###.....     21%         3    ###....
g - Passage of Golubria   Tloc           N/A          56%         4    ####...
p - Apportation           Tloc           ###...       7%          1    None
x - Blink                 Tloc           N/A          11%         2    ##.....

Your spell library contained the following spells:

 Spells                   Type           Power        Failure   Level  Hunger
 Gell's Gravitas          Tloc           ###.......   21%         3    ###....
 Flame Tongue             Conj/Fire      #....        50%         1    None
 Magic Dart               Conj           #...         50%         1    None
 Summon Butterflies       Summ           #.......     50%         1    None
 Searing Ray              Conj           #.....       63%         2    ##.....
 Throw Flame              Conj/Fire      #.....       63%         2    ##.....
 Conjure Flame            Conj/Fire      #.......     86%         3    ###....
 Dazzling Spray           Conj/Hex       #.....       86%         3    ###....
 Inner Flame              Hex/Fire       #.......     86%         3    ###....
 Tukima's Dance           Hex            #.......     86%         3    ###....
 Force Lance              Conj/Tloc      ##......     89%         4    ####...
 Fulminant Prism          Conj/Hex       #.........   99%         4    ####...
 Iskenderun's Mystic Bla  Conj           #.......     99%         4    ####...
 Sticky Flame             Conj/Fire      #.......     99%         4    ####...
 Alistair's Intoxication  Tmut/Pois      #.......     100%        5    ######.
 Fireball                 Conj/Fire      #.........   100%        5    ######.
 Invisibility             Hex            #.......     100%        6    #######


Dungeon Overview and Level Annotations

Branches:
Dungeon (13/15)            Temple (1/1) D:5            Lair (0/6) D:8
    Orc (0/2) D:10
 Vaults: D:13-14

Altars:
Ashenzari
Cheibriados
Dithmenos
Elyvilon
Fedhas
Gozag
Hepliaklqana
Kikubaaqudgha
Makhleb
Nemelex Xobeh
Okawaru
Qazlal
Ru
Sif Muna
Trog
Uskayaw
Vehumet
Wu Jian
Xom
Yredelemnul
Zin
The Shining One

Shops:
D:5 =   D:10 :

Annotations:
D:5 2 rings
D:12 Snorg
D:13 Azrael


Innate Abilities, Weirdness & Mutations

You have hooves in place of feet.
Armour fits poorly on your strangely shaped body.
You cover ground very quickly.
You have extremely tough skin. (AC +3)
You have a pair of small horns on your head.
You are partially covered in large bone plates. (SH +4)
You are resistant to hostile enchantments. (MR+)
You are weak. (Str -2)


Message History

* * * LOW HITPOINT WARNING * * *
Casting: Blink (safe; 11% risk of failure)
Confirm with . or Enter, or press ? or * to list all spells.
You blink.
You feel better. The acid dragon closely misses you.
You block the acid dragon's attack. The acid dragon spits acid at you.
The splash of acid hits you!
* * * LOW HITPOINT WARNING * * *
The acid corrodes you!
You are splashed with acid!
* * * LOW HITPOINT WARNING * * *
You see here a +0 club.
As you read the scroll of teleportation, it crumbles to dust.
You feel strangely unstable.
You feel better. The acid dragon spits acid at you.
The splash of acid hits you!
* * * LOW HITPOINT WARNING * * *
The acid corrodes you!
You are splashed with acid!
You die...

........####.##...# ##.....#.(
........####.....## #####....
.................## ##...
............####..###### #...
........##..#####..^...# #...
##########.)D.# #..###.# #...
##.##.# ##.....#######...
##..##.########...........
#..#......## ####........
##D#........## #####....
##.........@(.# ##.>.
#..#..........# ########..(
##.##..........####........[)
##..##...............######.##
#..###...(....>.######........
####.##
##.(.............o...####
#.....# ##(.......#...#......#
#.....###(..........#####....#
#.......(...........# #....#
#.....###..........## ######
#>((..# #..........#


You could see an acid dragon.

Vanquished Creatures
  A hydra (D:11)
  Erica (D:10)
  A two-headed ogre (D:11)
  The ghost of Enish the Fighter, a novice MiBe of Trog (D:10)
  A skeletal warrior (D:11)
  An ugly thing (D:10)
  A manticore (D:11)
  2 cyclopes (D:11)
  Maurice (D:11)
  Joseph (D:8)
  2 centaur zombies (D:11)
  A gargoyle (D:10)
  A centaur skeleton (D:11)
  The ghost of Seven the Conjurer, an amateur DrFE of Vehumet (D:4)
  2 trolls (D:11)
  2 polar bears (D:10)
  2 hippogriffs
  A spriggan (D:10)
  3 yaks (D:11)
  3 wraiths
  4 wyverns
  A hungry ghost (D:9)
  Menkaure (D:6)
  A water moccasin (D:5)
  A sky beast (D:7)
  8 orc warriors
  4 ice beasts
  A black bear (D:6)
  7 ogres
  A hornet zombie (D:9)
  6 centaurs
  A crocodile (D:11)
  3 big kobolds
  6 bullfrogs
  A wyvern skeleton (D:11)
  6 scorpions
  6 wights
  An electric eel (D:10)
  5 howler monkeys
  A bullfrog zombie (D:10)
  5 crimson imps
  2 quasits
  2 bullfrog skeletons
  5 hounds
  3 jellies
  11 orc priests
  Terence (D:2)
  5 iguanas
  14 orc wizards
  6 worker ants
  A statue (D:9)
  A hound skeleton (D:8)
  A mummy (D:6)
  Robin (D:4)
  A gnoll (D:7)
  16 adders
  5 river rats (Sewer)
  2 oozes
  3 adder zombies
  An adder skeleton (D:8)
  2 worms
  6 leopard geckos
  47 orcs
  4 giant cockroaches
  11 goblins
  14 hobgoblins
  9 jackals
  27 kobolds
  2 quokkas
  7 ball pythons
  A ball python skeleton (Ossuary)
  6 bats
  7 frilled lizards
  A giant cockroach zombie (D:5)
  3 hobgoblin skeletons (Ossuary)
  2 hobgoblin zombies (Ossuary)
  2 jackal skeletons
  A kobold zombie (Ossuary)
  2 leopard gecko skeletons
  An orc skeleton (Ossuary)
  14 rats
349 creatures vanquished.

Notes
Turn   | Place    | Note
-------+----------+-------------------------------------------
     0 | D:1      | mys the Centaur Warper began the quest for the Orb.
     0 | D:1      | Reached XP level 1. HP: 17/17 MP: 3/3
   306 | D:1      | Reached XP level 2. HP: 22/24 MP: 4/4
   628 | D:1      | Reached XP level 3. HP: 26/30 MP: 5/5
   987 | D:2      | Found an opulent altar of Gozag.
  1226 | D:2      | Learned a level 2 spell: Shroud of Golubria
  1229 | D:2      | Learned a level 2 spell: Blink
  1296 | D:2      | Reached skill level 1 in Armour
  1513 | D:2      | Noticed Terence
  1532 | D:2      | Killed Terence
  1532 | D:2      | Reached XP level 4. HP: 32/37 MP: 3/6
  1997 | D:3      | Found a burning altar of Makhleb.
  2182 | D:3      | Reached XP level 5. HP: 27/42 MP: 7/7
  2281 | D:3      | Found a stormy altar of Qazlal.
  2340 | D:3      | Found a hide-covered altar of Uskayaw.
  2414 | D:3      | Found a glowing drain.
  2424 | Sewer    | Entered a sewer
  2867 | Sewer    | Reached XP level 6. HP: 51/51 MP: 8/8
  2908 | Sewer    | Gained mutation: You are weak. (Str -2) [potion of
                  | mutation]
  2908 | Sewer    | Gained mutation: You have a pair of small horns on your
                  | head. [potion of mutation]
  2908 | Sewer    | Gained mutation: You are partially covered in large bone
                  | plates. (SH +4) [potion of mutation]
  2908 | Sewer    | Gained mutation: You are resistant to hostile enchantments.
                  | (MR+) [potion of mutation]
  3645 | D:4      | Found a shadowy altar of Dithmenos.
  3662 | D:4      | Reached XP level 7. HP: 49/58 MP: 9/9
  4122 | D:4      | Found a runed translucent gate.
  4122 | D:4      | Found a runed translucent gate.
  4122 | D:4      | Found a runed translucent gate.
  4123 | D:4      | Found an opulent altar of Gozag.
  4123 | D:4      | Noticed a wyvern
  4123 | D:4      | Noticed Seven's ghost (amateur DrFE)
  4190 | D:4      | Noticed Robin
  4210 | D:4      | Killed Robin
  4576 | D:5      | Entered Level 5 of the Dungeon
  4576 | D:5      | Found Iticekh's Jewellery Shoppe.
  4669 | D:5      | Reached XP level 8. HP: 32/66 MP: 11/11
  4679 | D:5      | Reached skill level 5 in Maces & Flails
  4975 | D:5      | Found a staircase to the Ecumenical Temple.
  4991 | Temple   | Entered the Ecumenical Temple
  5349 | D:5      | Got a faintly glowing steel ring
  5350 | D:5      | Identified the ring of Qav Iriw {+Blink rPois Int+4 Dex+7
                  | SInv Stlth-} (You found it on level 5 of the Dungeon)
  5508 | D:5      | Found an ornate altar of the Wu Jian Council.
  5618 | D:6      | Found a snail-covered altar of Cheibriados.
  5644 | D:6      | Reached skill level 1 in Charms
  5675 | D:6      | Found a sand-covered staircase.
  5699 | Ossuary  | Entered an ossuary
  5946 | Ossuary  | Noticed a flying skull
  5953 | Ossuary  | Noticed a flying skull
  5957 | Ossuary  | Noticed a flying skull
  6019 | Ossuary  | Noticed a flying skull
  6092 | Ossuary  | Reached skill level 1 in Bows
  6419 | Ossuary  | Reached skill level 2 in Bows
  6419 | Ossuary  | Reached XP level 9. HP: 45/72 MP: 13/13
  6653 | D:6      | Noticed Menkaure
  6662 | D:6      | Killed Menkaure
  6662 | D:6      | Reached skill level 3 in Bows
  6672 | D:6      | Reached skill level 5 in Armour
  7186 | D:6      | Reached skill level 5 in Fighting
  7544 | D:6      | Reached skill level 4 in Bows
  7799 | D:7      | Reached skill level 5 in Bows
  8075 | D:6      | Reached skill level 6 in Bows
  8313 | D:7      | Found a bloodstained altar of Trog.
  8314 | D:7      | Found an iron altar of Okawaru.
  8327 | D:7      | Became a worshipper of Warmaster Okawaru
  8762 | D:8      | Found a staircase to the Lair.
  9123 | D:8      | Reached XP level 10. HP: 83/83 MP: 15/15
  9892 | D:4      | Killed Seven's ghost
  9892 | D:4      | Reached * piety under Okawaru
 10664 | D:9      | Reached skill level 7 in Bows
 10671 | D:9      | Learned a level 4 spell: Passage of Golubria
 10675 | D:9      | Learned a level 3 spell: Teleport Other
 10721 | D:9      | Found a radiant altar of Vehumet.
 10837 | D:9      | Found a deep blue altar of Sif Muna.
 10973 | D:8      | Noticed Joseph
 10994 | D:8      | Killed Joseph
 10995 | D:8      | Found a shimmering altar of Xom.
 11190 | D:10     | Entered Level 10 of the Dungeon
 11232 | D:10     | Found Jailamib's Book Shop.
 11354 | D:10     | Reached ** piety under Okawaru
 11513 | D:10     | Reached skill level 8 in Bows
 11579 | D:10     | Noticed a gargoyle
 11595 | D:10     | Killed a gargoyle
 11669 | D:10     | Reached skill level 9 in Bows
 12131 | D:10     | Noticed Erica
 12139 | D:10     | Reached *** piety under Okawaru
 12147 | D:10     | Killed Erica
 12328 | D:10     | Found a runed translucent door.
 12328 | D:10     | Noticed Enish's ghost (novice MiBe)
 12697 | D:10     | Killed Enish's ghost
 12697 | D:10     | Received a gift from Okawaru
 12697 | D:10     | Reached skill level 10 in Bows
 12697 | D:10     | Reached XP level 11. HP: 81/92 MP: 16/16
 13050 | D:10     | Found a staircase to the Orcish Mines.
 13206 | D:11     | Found a bloodstained altar of Trog.
 13206 | D:11     | Noticed a green ugly thing
 13308 | D:10     | Killed a green ugly thing
 13627 | D:10     | Reached **** piety under Okawaru
 13774 | D:11     | Reached skill level 11 in Bows
 13942 | D:11     | Noticed a two-headed ogre
 13985 | D:11     | Killed a two-headed ogre
 13987 | D:12     | Noticed Snorg
 14028 | D:11     | Noticed a four-headed hydra
 14049 | D:13     | Noticed Azrael
 14066 | D:13     | Noticed a centaur warrior
 14371 | D:12     | Noticed a skeletal warrior
 14371 | D:12     | Noticed a skeletal warrior
 14371 | D:12     | Noticed a skeletal warrior
 14371 | D:12     | Noticed a skeletal warrior
 14967 | D:11     | Received a gift from Okawaru
 14990 | D:11     | Noticed Maurice
 15009 | D:11     | Killed Maurice
 15074 | D:11     | Learned a level 1 spell: Apportation
 15078 | D:11     | Learned a level 3 spell: Lesser Beckoning
 15168 | D:11     | Killed a four-headed hydra
 15168 | D:11     | Reached skill level 12 in Bows
 15417 | D:11     | Reached skill level 5 in Translocations
 15541 | D:11     | Reached ***** piety under Okawaru
 16351 | D:11     | Killed a skeletal warrior
 16351 | D:11     | Received a gift from Okawaru
 16351 | D:11     | Reached XP level 12. HP: 56/103 MP: 18/18
 16794 | D:11     | HP: 4/103 [acid (15)]
 16803 | D:11     | HP: 1/103 [acid dragon/splash of acid (10)]
 16803 | D:11     | Splashed by an acid dragon's acid

Skill      XL: |  1  2  3  4  5  6  7  8  9 10 11 |
---------------+----------------------------------+-----
Maces & Flails | 2 3 4 5 6 7 |  7.7
Armour         | 1 2 4 5 6 |  6.7
Dodging        | 2 3 4 |  4.4
Fighting       | 3 4 5 7 8 |  8.3
Spellcasting   | 2 3 4 |  4.0
Translocations | 3 4 5 |  5.0
Charms         | 1 |  1.2
Bows           | 2 6 10 12 | 12.5
Throwing       | |  1.4
Evocations     | |  0.7

Action                   |  1- 3 |  4- 6 |  7- 9 | 10-12 || total
-------------------------+-------+-------+-------+-------++-------
Melee: Mace              |    12 |       |       |       ||    12
       Whip              |    97 |   213 |   371 |   381 ||  1062
       Kick              |    11 |    32 |    83 |    91 ||   217
       Headbutt          |       |     6 |    62 |    54 ||   122
 Fire: Shortbow          |       |       |   105 |   544 ||   649
Throw: Tomahawk          |       |       |     5 |       ||     5
 Cast: Shroud of Golubri |     2 |     1 |     6 |     4 ||    13
       Blink             |       |       |    18 |    35 ||    53
Evoke: Wand              |       |       |       |    20 ||    20
  Use: Scroll            |       |     9 |     8 |    14 ||    31
       Potion            |       |     5 |       |     6 ||    11
  Eat: Chunk             |     2 |     6 |    13 |    13 ||    34
       Ration            |       |       |     1 |     4 ||     5
Armor: Leather armour    |    27 |     8 |       |       ||    35
       Ring mail         |       |   100 |   138 |       ||   238
       Scale mail        |       |       |    21 |   198 ||   219
Dodge: Dodged            |    60 |    79 |   123 |    92 ||   354
Block: Other             |       |     8 |    63 |    63 ||   134
